 Dungeon Crawl Stone Soup version 0.17.1-1-g73c8601 (webtiles) character file.

234 Jmtri7 the Grave Robber (level 5, 0/35 HPs)
             Began as a Mummy Necromancer on Dec 25, 2015.
             Slain by apoch's ghost (1 damage)
             ... on level 4 of the Dungeon.
             The game lasted 00:14:33 (4268 turns).

Jmtri7 the Grave Robber (Mummy Necromancer)         Turns: 4268, Time: 00:14:33

Health: 0/35       AC:  8    Str: 11    XL:     5   Next: 75%
Magic:  7/8        EV: 12    Int: 16    God:
Gold:   156        SH:  0    Dex: 12    Spells: 1 memorised, 7 levels left

rFire  x . .     SeeInvis .     r - +2 flail (protect)
rCold  + . .     Clarity  .     a - +0 robe
rNeg   + + +     SustAt   .     (no shield)
rPois  ∞         Gourm    .     (no helmet)
rElec  .         Spirit   .     k - +0 cloak
rCorr  .         Warding  .     (no gloves)
rMut   .         Stasis   .     (no boots)
MR     .....                    (no amulet)
Stlth  ++........               (no ring)
                                g - ring of wizardry

@: not resistant to hostile enchantments, unstealthy
A: no food or potions, fire vulnerability, cold resistance 1, negative energy
resistance 3, torment resistance, unbreathing
a: no special abilities


You were on level 4 of the Dungeon.
You were not hungry.

You visited 1 branch of the dungeon, and saw 4 of its levels.

You collected 156 gold pieces.

Inventory:

Hand Weapons
 h - a +4 dagger
 o - a +1 hand axe of draining
 p - a +0 vampiric dagger
 q - a +1 dagger of venom
 r - a +2 flail of protection (weapon)
Armour
 a - a +0 robe (worn)
 k - a +0 cloak (worn)
Jewellery
 g - a ring of wizardry (left hand)
 n - an uncursed ring of fire
Wands
 i - a wand of polymorph (12)
 s - a wand of draining (11)
Scrolls
 c - a scroll of fog {unknown}
 f - a scroll of fear
 j - a scroll of blinking {unknown}
 l - 3 scrolls of teleportation {unknown}
 m - 3 scrolls of identify {unknown}
 t - a scroll of remove curse
 u - a scroll of enchant weapon {unknown}
Books
 b - a book of Necromancy

   Spells                             Type                      Level
   a - Pain                           Necromancy                   1
   b - Animate Skeleton               Necromancy                   1
   c - Vampiric Draining              Necromancy                   3
   d - Regeneration                   Charms/Necromancy            3
   e - Animate Dead                   Necromancy                   4
   f - Control Undead                 Necromancy                   4


   Skills:
 - Level 1.5 Dodging
 - Level 1.5 Stealth
 - Level 2.0 Spellcasting
 + Level 7.1 Necromancy


You had 7 spell levels left.
You knew the following spells:

 Your Spells              Type           Power        Failure   Level  Hunger
a - Pain                  Necr           ###.         1%          1    N/A

Dungeon Overview and Level Annotations

Branches:
Dungeon (4/15)
 Temple: D:4-7

Altars:
Trog

Annotations:
D:4 apoch's ghost, novice CeGl


Innate Abilities, Weirdness & Mutations

You do not eat or drink.
Your flesh is vulnerable to fire.
You are immune to poison.
Your flesh is cold resistant.
You are immune to negative energy.
You are immune to unholy pain and torment.
You can survive without breathing.


Message History

Confirm with . or Enter, or press ? or * to list all spells.
You can't see any susceptible monsters within range! (Use Z to cast anyway.)
You hit apoch's ghost but do no damage. Apoch's ghost hits you.
You hit apoch's ghost but do no damage. Apoch's ghost hits you.
Apoch's ghost freezes you. Apoch's ghost hits you.
You barely miss apoch's ghost. Apoch's ghost hits you!
Apoch's ghost freezes you. Apoch's ghost hits you.
* * * LOW HITPOINT WARNING * * *
Apoch's ghost freezes you.
* * * LOW HITPOINT WARNING * * *
You closely miss apoch's ghost. Apoch's ghost closely misses you.
You closely miss apoch's ghost. Apoch's ghost misses you.
You closely miss apoch's ghost. Apoch's ghost misses you.
Apoch's ghost hits you.
* * * LOW HITPOINT WARNING * * *
You hit apoch's ghost but do no damage. Apoch's ghost hits you!
* * * LOW HITPOINT WARNING * * *
Apoch's ghost freezes you.
You die...

###
#..
#.#
#.#
#.#
#.#
#.#
#W#
#@#
.#
#.#
#..
#.#
#..
#.#
#..
#.#
...
#.#
#..
#.#
#..
#.#
#..
#.#
##


You could see apoch's ghost.

Vanquished Creatures
  A centaur skeleton (D:4)
  Ijyb (D:3)
  An orc wizard (D:3)
  2 worker ants
  3 adders
  A giant gecko (D:1)
  4 orcs
  7 bats
  A giant cockroach (D:4)
  7 hobgoblins
  5 jackals
  2 quokkas
  4 giant newts
  15 goblins
  12 kobolds
  A quokka skeleton (D:4)
  5 rats
72 creatures vanquished.

Notes
Turn   | Place    | Note
--------------------------------------------------------------
     0 | D:1      | Jmtri7 the Mummy Necromancer began the quest for the Orb.
     0 | D:1      | Reached XP level 1. HP: 13/13 MP: 3/3
  1862 | D:1      | Reached XP level 2. HP: 19/19 MP: 1/5
  2376 | D:2      | Reached skill level 5 in Necromancy
  2376 | D:2      | Reached XP level 3. HP: 24/24 MP: 3/6
  2704 | D:2      | You fall through a shaft!
  2741 | D:3      | Noticed Ijyb
  2772 | D:3      | Killed Ijyb
  2772 | D:3      | Reached XP level 4. HP: 3/30 MP: 0/7
  3339 | D:3      | Reached skill level 6 in Necromancy
  3651 | D:3      | Reached XP level 5. HP: 35/35 MP: 4/8
  4217 | D:4      | Found a bloodstained altar of Trog.
  4220 | D:4      | Reached skill level 7 in Necromancy
  4256 | D:4      | Noticed apoch's ghost (novice CeGl)
  4268 | D:4      | HP: 1/35 [apoch's ghost (8)]
  4268 | D:4      | Slain by apoch's ghost

Action                   |  1- 3 |  4- 6 || total
-------------------------+-------+-------++-------
Melee: Dagger            |    49 |    22 ||    71
       Hand axe          |       |     1 ||     1
       Flail             |       |    44 ||    44
 Cast: Pain              |    66 |    26 ||    92
  Use: Scroll            |     2 |       ||     2
 Stab: Sleeping          |       |     4 ||     4
